 Dungeon Crawl Stone Soup version 0.30-a0-702-gdf48620a09 (webtiles) character file.

Game seed: 6268672530943360459

945 testman the Changer (level 7, -4/53 HPs)
             Began as a Pale Draconian Transmuter on Jan 22, 2023.
             Was a Follower of Hepliaklqana.
             Slain by an orc warrior
             ... wielding a +0 long sword
              (9 damage)
             ... on level 6 of the Dungeon.
             The game lasted 00:14:26 (4625 turns).

testman the Changer (Pale Draconian Transmuter)     Turns: 4625, Time: 00:14:26

Health: -4/53      AC:  2    Str: 12    XL:     7   Next: 89%
Magic:  8/12       EV: 19    Int: 21    God:    Hepliaklqana [*.....]
Gold:   61         SH:  0    Dex: 23    Spells: 7/13 levels left

rFire   . . .      SeeInvis .      - Unarmed
rCold   . . .      Faith    .    (shield currently unavailable)
rNeg    . . .      Spirit   .    (body armour unavailable)
rPois   x          Reflect  .    (helmet currently unavailable)
rElec   .          Harm     .    (cloak currently unavailable)
rCorr   .          Rampage  .    (gloves currently unavailable)
Will    .....                    (boots currently unavailable)
Stlth   ++                       (no amulet)
HPRegen 0.28/turn                i - +6 ring of intelligence
MPRegen 0.13/turn                x - +6 ring of dexterity

@: spider-form (expiring), wereblooded
A: venomous fangs, reduced essence, (breathe steam), AC +6, tiny, unfitting
armour, (cold-blooded), (steam resistance)
a: End Transformation, Renounce Religion, Recall Ancestor, Ancestor Identity


You were on level 6 of the Dungeon.
You worshipped Hepliaklqana.
Hepliaklqana was aware of your devotion.
You were a venomous arachnid creature.
You visited 1 branch of the dungeon, and saw 6 of its levels.

You collected 211 gold pieces.
You spent 150 gold pieces at shops.

Inventory:

Hand Weapons
 c - a +0 whip
 q - a +1 dagger of draining (melded)
Missiles
 g - 3 datura-tipped darts
Armour
 A - a +1 pair of gloves (melded)
Jewellery
 i - a +6 ring of intelligence (left front pincers)
 x - a +6 ring of dexterity (right front pincers)
Wands
 n - a wand of paralysis (1)
 z - a wand of digging (5)
Scrolls
 b - a scroll of fear
 e - a scroll of enchant weapon
 f - 11 scrolls of identify
 l - 2 scrolls of immolation {unknown}
 m - a scroll of brand weapon {unknown}
 o - 2 scrolls of teleportation {unknown}
 p - a scroll of magic mapping {unknown}
 r - a scroll of summoning {unknown}
 w - a scroll of vulnerability {unknown}
 y - a scroll of fog {unknown}
Potions
 a - 5 potions of lignification
 d - a potion of haste {unknown}
 h - 2 potions of ambrosia {unknown}
 j - a potion of might {unknown}
 k - a potion of flight {unknown}
 s - 3 potions of curing {unknown}
 t - a potion of degeneration {unknown}
 u - a potion of resistance {unknown}
 v - 2 potions of heal wounds {unknown}
 B - a potion of mutation {unknown}


   Skills:
 + Level 4.0 Fighting
 - Level 1.7 Dodging
 + Level 4.6 Unarmed Combat
 + Level 3.8 Spellcasting
 + Level 5.9 Transmutations
 - Level 3.0 Poison Magic


You had 7 spell levels left.
You knew the following spells:

 Your Spells              Type           Power      Damage    Failure   Level
a - Beastly Appendage     Tmut           56%        N/A       5%          1
b - Wereblood             Tmut           28%        N/A       7%          2
c - Spider Form           Tmut/Pois      22%        N/A       17%         3

Your spell library contained the following spells:

 Spells                   Type           Power      Damage    Failure   Level
 Lesser Beckoning         Tloc           6%         N/A       38%         2
 Gell's Gravitas          Tloc           3%         N/A       58%         3
 Teleport Other           Tloc           3%         N/A       58%         3
 Ice Form                 Ice/Tmut       16%        N/A       58%         4


Dungeon Overview and Level Annotations

Branches:
Dungeon (6/15)
 Temple: D:4-7

Altars:
Hepliaklqana
Ru
Yredelemnul

Shops:
D:4 (   D:5 *


Innate Abilities, Weirdness & Mutations

You are a venomous arachnid creature.
You have venomous fangs.
You are tiny and dextrous.
Your spellcasting is less reliable in this form.
Your armour is entirely melded.
You are incapable of wielding weapons or throwing items.
Your life essence is reduced to manifest your ancestor. (-10% HP)
((You can breathe blasts of scalding, opaque steam.))
((Your pale cyan-grey scales are hard. (AC +6)))
You cannot fit into any form of body armour.
((You are cold-blooded and may be slowed by cold attacks.))
((You are immune to the effects of steam.))


Message History

The orc hits Leofric with a +0 short sword.
The iguana bites you!
Something hits Leofric but does no damage.
The orc warrior completely misses you.
You closely miss the orc warrior.
The orc warrior is moderately wounded.
Leofric closely misses the orc warrior.
The orc warrior hits you with a +0 long sword!
Something barely misses Leofric.
The iguana closely misses you.
The orc hits Leofric with a +0 short sword.
You hit the orc warrior but do no damage.
The orc warrior looks even sicker.
The orc warrior is moderately wounded.
Leofric hits the orc.
Something hits Leofric but does no damage.
The orc closely misses Leofric.
The iguana bites you!
* * * LOW HITPOINT WARNING * * *
The orc warrior hits you with a +0 long sword!
* * * LOW HITPOINT WARNING * * *
As you read the scroll of fear, it crumbles to dust.
You assume a fearsome visage.
The orc warrior looks frightened!
The orc looks frightened!
The iguana looks frightened!
Leofric closely misses the orc.
The orc warrior barely misses Leofric.
You catch the helpless orc warrior completely off-guard!
You hit the orc warrior but do no damage.
Your attack snaps the orc warrior out of its fear.
The orc warrior is heavily wounded.
The orc warrior closely misses you.
You hit the orc warrior but do no damage.
The orc warrior looks as sick as possible!
The orc warrior is heavily wounded.
The orc warrior closely misses you.
You hit the orc warrior.
The orc warrior looks as sick as possible!
The orc warrior is severely wounded.
The orc warrior closely misses you.
You closely miss the orc warrior.
The orc warrior is severely wounded.
The orc warrior hits you with a +0 long sword!
You die...

..............
........ ....
....l.......
..... .....
..........
..#......
##.!....##
#.s.......
.......o.(...##
............##
...#......#.#
..........# ..
.#.#....... ..
...#....R... .
#. ...##.....


You could see the friendly Leofric the ancestor, an orc warrior (extremely
poisoned) and an iguana (fleeing).

Vanquished Creatures
  Edmund (D:4)
  Menkaure (D:5)
  A black bear (D:4)
  An ogre (D:5)
  A centaur (D:5)
  2 scorpions (D:5)
  3 hounds
  2 jellies
  Ijyb (D:3)
  An iguana (D:4)
  6 adders
  2 ufetubi
  3 worms (D:4)
  2 dart slugs
  2 orcs (D:5)
  7 ball pythons
  5 endoplasms
  4 giant cockroaches
  7 goblins
  4 hobgoblins
  2 jackals (D:2)
  A quokka (D:1)
  5 bats
  3 frilled lizards (D:2)
  8 kobolds
  4 rats
  A spectral kobold (D:3)
80 creatures vanquished.

Vanquished Creatures (collateral kills)
  An adder (D:5)
  An ufetubus (D:5)
2 creatures vanquished.

Vanquished Creatures (others)
  An ancestor (D:5)
1 creature vanquished.

Grand Total: 83 creatures vanquished

Notes
Turn   | Place    | Note
-------+----------+-------------------------------------------
     0 | D:1      | testman the Draconian Transmuter began the quest for the
                  | Orb.
     0 | D:1      | Reached XP level 1. HP: 16/16 MP: 3/3
    78 | D:1      | Reached skill level 1 in Poison Magic
   127 | D:1      | Reached XP level 2. HP: 22/23 MP: 5/5
   158 | D:1      | Learned a level 2 spell: Wereblood
  1091 | D:2      | Reached XP level 3. HP: 28/28 MP: 4/6
  1095 | D:2      | Learned a level 3 spell: Spider Form
  1313 | D:2      | Reached skill level 3 in Transmutations
  1555 | D:3      | Noticed Ijyb
  1559 | D:3      | Paralysed by Ijyb for 3 turns
  1570 | D:3      | Paralysed by Ijyb for 2 turns
  1575 | D:3      | Killed Ijyb
  1576 | D:3      | Reached XP level 4. HP: 14/35 MP: 5/7
  1966 | D:3      | Found a hazy altar of Hepliaklqana.
  1966 | D:3      | You fall into a shaft and drop 1 floor!
  2026 | D:3      | Became a worshipper of Hepliaklqana the Forgotten
  2153 | D:4      | Identified the +6 tower shield of Vehumet's Delight {*Slow
                  | rElec rN+}
  2154 | D:4      | Noticed a black bear
  2177 | D:4      | Killed a black bear
  2178 | D:4      | Reached skill level 4 in Transmutations
  2178 | D:4      | Reached XP level 5. HP: 16/40 MP: 4/8
  2472 | D:4      | Found Loghoagg's Antique Weapon Emporium.
  2931 | D:4      | Reached XP level 6. HP: 48/48 MP: 3/9
  2931 | D:4      | Noticed Edmund
  2947 | D:4      | Killed Edmund
  2948 | D:4      | Reached skill level 5 in Transmutations
  3222 | D:5      | Entered Level 5 of the Dungeon
  3361 | D:5      | Found a sacrificial altar of Ru.
  3374 | D:5      | Your scales start taking on a pale cyan-grey colour.
  3374 | D:5      | Reached XP level 7. HP: 56/56 MP: 6/11
  3374 | D:5      | Gained mutation: You are immune to the effects of steam.
                  | [Pale Draconian growth]
  3482 | D:5      | Found Efukuly's Assorted Antiques.
  3488 | D:5      | Bought a pair of glowing gloves for 150 gold pieces
  3768 | D:5      | Reached * piety under Hepliaklqana
  4048 | D:5      | Found a basalt altar of Yredelemnul.
  4063 | D:5      | Noticed Menkaure
  4279 | D:5      | Killed Menkaure
  4625 | D:6      | Slain by an orc warrior

Illustrated notes

Levels and vault maps discovered:
D:1:      denvon_arrival_waterhouse, layout_basic
D:2:      layout_loops_ring
D:3:      layout_rooms, nicolae_hepliaklqana_monster_ancestors, uniq_ijyb
D:4:      layout_basic, serial_shops, nicolae_shop_overgrown_old_shop,
          uniq_edmund
D:5:      cheibrodos_quashed, layout_basic, kennysheep_mini_moat,
          nicolae_ru_awakened_eye, serial_shops, shop, uniq_menkaure
D:6:      layout_cave_pools, cheibriados_altar_1, nicolae_ossuary_entry_giza,
          lightli_corner_chamber

Skill      XL: |  1  2  3  4  5  6  7 |
---------------+----------------------+-----
Poison Magic   | 1 2 3 |  3.0
Transmutations | 3 4 5 |  5.9
Fighting       | 2 4 |  4.0
Spellcasting   | 3 |  3.8
Unarmed Combat | 4 |  4.6
Dodging        | |  1.7

Action                   |  1- 3 |  4- 6 |  7- 9 || total
-------------------------+-------+-------+-------++-------
Melee: Unarmed           |    10 |    59 |    37 ||   106
       Whip              |   111 |     7 |       ||   118
       Kick              |    11 |     9 |       ||    20
       Headbutt          |     6 |     5 |       ||    11
       Tailslap          |     9 |     2 |     1 ||    12
       Punch             |     1 |       |       ||     1
       Dagger            |       |    26 |    12 ||    38
 Cast: Beastly Appendage |    17 |     8 |       ||    25
       Wereblood         |     2 |     4 |     2 ||     8
       Spider Form       |       |    10 |     8 ||    18
Invok: Ancestor Identity |       |       |     1 ||     1
 Abil: Breathe Steam     |       |       |     1 ||     1
  Use: Scroll            |       |       |     3 ||     3
 Stab: Sleeping          |     1 |       |     1 ||     2
       Fleeing           |       |       |     1 ||     1
Armor: Skin              |    36 |     6 |    10 ||    52
Dodge: Dodged            |    82 |    61 |    50 ||   193

Table legend: (Time is in decaauts)
 A = Elapsed time spent in this place.
 B = Non-inter-level travel time spent in this place.
 C = Inter-level travel time spent in this place.
 D = Time resting spent in this place.
 E = Time spent auto-exploring this place.
 F = Levels seen in this place.
 G = Mean time per level.
                   A        B        C        D        E       F      G
               +--------+--------+--------+--------+--------+-----+--------+
         Total |   4631 |   4519 |    112 |    154 |   3635 |   6 |  771.8 |
       Dungeon |   4631 |   4519 |    112 |    154 |   3635 |   6 |  771.8 |
               +--------+--------+--------+--------+--------+-----+--------+

Top non-repeatable levels by time:
     D:4: 1290 daAuts
     D:5: 1228 daAuts
     D:2: 807 daAuts
     D:1: 760 daAuts
     D:3: 530 daAuts
     D:6: 14 daAuts
